 Dungeon Crawl Stone Soup version 0.27-a0-1189-gb8eb6cee8e (webtiles) character file.

Game seed: 6575533773569311448

5 spiderkeys the Skirmisher (level 1, -2/16 HPs)
             Began as an Octopode Abyssal Knight on May 23, 2021.
             Was a Follower of Lugonu.
             Slain by a goblin
             ... wielding a +0 club
              (4 damage)
             ... on level 1 of the Dungeon.
             The game lasted 00:01:24 (205 turns).

spiderkeys the Skirmisher (Octopode Abyssal Knight)  Turns: 205, Time: 00:01:25

Health: -2/16      AC:  1    Str: 11    XL:     1   Next: 80%
Magic:  2/2        EV: 13    Int: 14    God:    Lugonu [*.....]
Gold:   0          SH:  0    Dex: 11    Spells: 0/0 levels left

rFire    . . .     SeeInvis .   a - +2 spear
rCold    . . .     Faith    .   (no shield)
rNeg     . . .     Spirit   .   (helmet restricted)
rPois    .         Reflect  .   (no amulet)
rElec    .         Harm     .   (no ring)
rCorr    .         Rampage  .   (no ring)
Will     .....                  (no ring)
Stlth    ++........             (no ring)
HPRegen  0.05/turn              (no ring)
MPRegen  0.08/turn              (no ring)
                                (no ring)
                                (no ring)

@: no status effects
A: almost no armour, amphibious, 8 rings, camouflage 1, gelatinous body 1,
(nimble swimmer 1), tentacles
a: Renounce Religion, Depart the Abyss


You were on level 1 of the Dungeon.
You worshipped Lugonu.
Lugonu was aware of your devotion.
You visited 1 branch of the dungeon, and saw 1 of its levels.
You visited the Abyss 1 time.


Innate Abilities, Weirdness & Mutations

You cannot wear most types of armour.
You are amphibious.
You can wear up to eight rings at the same time.
Your skin changes colour to match your surroundings (Stealth+).
Your rubbery body absorbs attacks. (AC +1, EV +1)
((You are camouflaged near water. (Stealth+)))
You have tentacles for arms and can constrict up to eight enemies at once.


   Skills:
 + Level 3.1 Fighting
 + Level 2.1 Polearms
 + Level 2.4 Dodging
 + Level 2.1 Invocations


You couldn't memorise any spells.
You didn't know any spells.
Your spell library was empty.

Inventory:

Hand Weapons
 a - a +2 spear (weapon)
Missiles
 c - 4 stones
Jewellery
 T - an amulet of faith {!P}
   (You found it on level 2 of the Abyss)
Scrolls
 b - a scroll of blinking {unknown}
Potions
 d - a potion of haste {unknown}

Dungeon Overview and Level Annotations

Branches:
Dungeon (1/15)

Altars:

##......######...<...#
#.....).......#.....#...
#...........##.#...#.#
#.........##..#.#.#.#..
#........#...#.#.#.#.#..
#...........#..#.#.#..#.
##.........#..# .#.. ..#
#....(..).#...#.. ..#...
#......@g....#..
#.......†.......
#...............
#>..............
##..........###.
##.........# #####......
#.....##


You could see a goblin.


Message History

😎 HP[+1]
Your hp is fully restored (16).
A dire elephant skeleton comes into view.
You hear a chilling moan.
There is a gateway leading out of the Abyss here.
You pass through the gate.
There is a staircase leading out of the dungeon here.
b - a scroll labelled SOACVO NEUCOKH A kobold comes into view.
It is wielding a +0 dagger.
A kobold is nearby!
A kobold is nearby!
A kobold is nearby!
You reach to attack!
The helpless kobold fails to defend itself.
You hit the kobold. You barely miss the kobold. Your grab misses the kobold.
The kobold hits you with a +0 dagger. 😕 HP[-1]
You take 1 damage, and now have 15/16 hp.
You puncture the kobold!
You kill the kobold!
Lugonu accepts your kill.
No target in view!
c - 4 stones You see here a +0 dagger. 😎 HP[+1]
Your hp is fully restored (16).
d - a yellow potion A kobold comes into view.
It is wielding a +0 short sword.
A kobold is nearby!
A kobold is nearby!
A kobold is nearby!
A frilled lizard and a goblin come into view.
Found a stone staircase leading down.
The goblin shouts!
A goblin comes into view. It is wielding a +0 club.
You reach to attack!
You closely miss the kobold.
The frilled lizard hisses angrily.
The goblin shouts!
You hit the kobold. Your grab misses the kobold.
The kobold hits you with a +0 short sword. 😕 HP[-3]
You take 3 damage, and now have 13/16 hp.
You hit the kobold.
You kill the kobold!
Lugonu accepts your kill.
A quokka comes into view.
You barely miss the goblin. Your grab misses the goblin.
The goblin hits you with a +0 dagger. 😮 HP[-1]
You take 1 damage, and now have 12/16 hp.
You are too injured to fight recklessly!
You are too injured to fight recklessly!
You are too injured to fight recklessly!
You are too injured to fight recklessly!
You hit the goblin.
You kill the goblin!
Lugonu accepts your kill. The frilled lizard misses you.
The frilled lizard bites you but does no damage.
Things that are here:
a +0 dagger; a +0 short sword The quokka barely misses you.
The frilled lizard bites you. 😮 HP[-1]
You take 1 damage, and now have 11/16 hp.
You miss the frilled lizard. Your grab misses the frilled lizard.
Your squeeze misses the frilled lizard. The quokka barely misses you.
The frilled lizard bites you. 😮 HP[-1]
You take 1 damage, and now have 10/16 hp.
You hit the frilled lizard. Your grab misses the frilled lizard.
The goblin hits you but does no damage. The quokka closely misses you.
The frilled lizard barely misses you. 😮 HP[+1]
You hit the quokka. Your grab misses the quokka. The quokka bites you.
* * * LOW HITPOINT WARNING * * *
The goblin misses you. The frilled lizard bites you.
* * * LOW HITPOINT WARNING * * *
😨 HP[-5]
You take 5 damage, and now have 6/16 hp.
MASSIVE DAMAGE!! (PAUSE)
You closely miss the quokka. You grab the quokka. You squeeze the quokka.
You kill the quokka!
Lugonu accepts your kill. The goblin hits you with a +0 club.
* * * LOW HITPOINT WARNING * * *
The frilled lizard bites you.
* * * LOW HITPOINT WARNING * * *
😱 HP[-4]
You take 4 damage, and now have 2/16 hp.
MASSIVE DAMAGE!! (PAUSE)
You completely miss the frilled lizard. Your grab misses the frilled lizard.
The goblin closely misses you. The frilled lizard closely misses you.
You barely miss the frilled lizard. You grab the frilled lizard.
You constrict the frilled lizard.
You kill the frilled lizard!
Lugonu accepts your kill. The goblin closely misses you.
You barely miss the goblin. You grab the goblin. You constrict the goblin.
The goblin hits you with a +0 club.
You die...

Action                   || total
-------------------------++-------
Melee: Spear             ||    15
       Constrict         ||     3
       Tentacles         ||     1
  Use: Scroll            ||     1
 Stab: Sleeping          ||     1
Armor: Skin              ||     2
Dodge: Dodged            ||    12

Levels and vault maps discovered:
D:1:      minmay_arrival_radiant_lines, layout_rooms, serial_bayou_lagoon_b

Notes
Turn   | Place    | Note
-------+----------+-------------------------------------------
     0 | Abyss:1  | spiderkeys the Octopode Abyssal Knight began the quest for
                  | the Orb.
     0 | Abyss:1  | Reached XP level 1. HP: 16/16 MP: 2/2
     0 | Abyss:1  | magus.rc [v1.9.10]
    40 | Abyss:1  | Noticed a small abomination
   113 | Abyss:2  | Noticed a large abomination
   123 | Abyss:2  | Noticed a dire elephant skeleton
   154 | D:1      | You pass through the gate.
   154 | D:1      | Escaped the Abyss
   202 | D:1      | HP: 4/16 [goblin/+0 club (2)]
   205 | D:1      | Slain by a goblin

Vanquished Creatures
  A goblin (D:1)
  2 kobolds (D:1)
  A quokka (D:1)
  A frilled lizard (D:1)
5 creatures vanquished.

Table legend:
 A = Non-vault XP
 B = Vault XP
 C = Vault XP percentage of total XP
 D = Non-vault monster count
 E = Vault monster count
 F = Vault count percentage of total count
                 A         B        C        D         E       F
            +---------+---------+-------+---------+---------+-------
      Total |       8 |       0 |   0.0 |       5 |       0 |   0.0
            +---------+---------+-------+---------+---------+-------
        D:1 |       8 |       0 |   0.0 |       5 |       0 |   0.0
            +---------+---------+-------+---------+---------+-------

Illustrated notes

Table legend:
 A = Kills in this place as a percentage of kills in entire the game.
 B = Kills by you in this place as a percentage of kills by you in the entire game.
 C = Kills by friends in this place as a percentage of kills by friends in the entire game.
 D = Other kills in this place as a percentage of other kills in the entire game.
 E = Experience gained in this place as a percentage of experience gained in the entire game.
 F = Experience gained in this place divided by the number of levels of this place that you have seen.
                   A       B       C       D       E      F
               +-------+-------+-------+-------+-------+----------------------
         Total | 100.0 | 100.0 |   N/A |   N/A | 100.0 |   2.7
       Dungeon | 100.0 | 100.0 |   N/A |   N/A | 100.0 |   8.0
               +-------+-------+-------+-------+-------+----------------------

Table legend: (Time is in decaauts)
 A = Elapsed time spent in this place.
 B = Non-inter-level travel time spent in this place.
 C = Inter-level travel time spent in this place.
 D = Time resting spent in this place.
 E = Time spent auto-exploring this place.
 F = Levels seen in this place.
 G = Mean time per level.
                   A        B        C        D        E       F      G
               +--------+--------+--------+--------+--------+-----+--------+
         Total |    204 |    204 |      0 |      0 |     16 |   3 |   68.0 |
       Dungeon |     50 |     50 |      0 |      0 |     16 |   1 |   50.0 |
         Abyss |    153 |    153 |      0 |      0 |      0 |   2 |   76.5 |
               +--------+--------+--------+--------+--------+-----+--------+

Top non-repeatable levels by time:
 Abyss:2: 102 daAuts
 Abyss:1: 51 daAuts
     D:1: 50 daAuts
